AoeStats
← 芒果芋圆冰

Arena

508199757Analyzed
4v4 RM · 10d ago on Sep 21, 2026· 67m 41s· 8 players
Game mode
Random Map
Map size
Large (8 player)
Population
200
Speed
Normal
Resources
Standard
Victory
Conquest
Starting age
Dark Age
Ending age
Imperial Age
RankedLock teamsTeams togetherTeam positionsShared explorationLock speedFull tech treeHidden civsTurbo modeCheats
Victory
Defeat
🇹🇼 Khmer · Taiwan
1129
+15
🇨🇦 Berbers · Canada
1125
+30
🇨🇳 Koreans · China
1122
+16
🇮🇳 Burgundians · India
1116
+16
🇨🇳 Dravidians · China
1134
-16
🇷🇺 Malay · Russia
1130
-16
🇮🇩 Burgundians · Indonesia
1126
-16
🇨🇳 Portuguese · China
1110
-15
mAjiCode
10:32 Feudal Age
14:46 Castle Age
12:55 Double-Bit Axe
13:13 Horse Collar
14:38 Heavy Plow
14:52 Bow Saw
14:44 Gold Mining
20:49 Wheelbarrow
21:33 Stone Mining
21:34 Gold Mining
22:46 Hand Cart
23:07 Fervor
24:56 Stone Shaft Mining
24:59 Gold Shaft Mining
25:52 Loom
29:49 Imperial Age
27:23 Scale Mail Armor
27:33 Forging
27:28 Scale Barding Armor
27:41 Burgundian Vineyards
28:19 Chain Mail Armor
28:55 Pikeman
29:38 Squires
29:23 Arson
30:16 Iron Casting
30:49 Chain Barding Armor
31:04 Plate Mail Armor
30:56 Chain Barding Armor
31:46 Conscription
32:35 Blast Furnace
31:15 Halberdier
33:14 Elite Coustillier
35:26 Plate Barding Armor
34:55 Husbandry
41:15 Fletching
42:44 Fortified Wall
42:54 Ballistics
43:35 Chemistry
42:16 Treadmill Crane
42:47 Masonry
42:33 Murder Holes
49:15 Crop Rotation
文知章
10:18 Feudal Age
10:46 Double-Bit Axe
10:42 Horse Collar
12:51 Loom
17:03 Castle Age
15:05 Stone Mining
15:25 Gold Mining
18:22 Bow Saw
18:16 Heavy Plow
22:50 Wheelbarrow
27:37 Imperial Age
25:58 Fletching
26:09 Padded Archer Armor
26:56 Devotion
28:40 Conscription
29:07 Bodkin Arrow
29:34 Leather Archer Armor
30:13 Stone Shaft Mining
31:57 Hand Cart
31:44 Bracer
33:13 Chemistry
32:28 Treadmill Crane
34:09 Fortified Wall
34:21 Ballistics
35:17 Ring Archer Armor
36:07 Two-Man Saw
35:44 Masonry
36:47 Architecture
37:31 Bombard Tower
41:11 Crossbowman
41:57 Thumb Ring
43:00 Crop Rotation
43:43 Arbalester
45:15 Town Watch
45:57 Town Patrol
49:46 Onager
51:19 Guilds
51:41 Coinage
51:30 Pikeman
51:33 Elite Skirmisher
53:45 Banking
57:18 Forging
57:08 Scale Mail Armor
59:16 Chain Mail Armor
59:36 Iron Casting
62:14 Plate Mail Armor
62:19 Iron Casting
1P
11:01 Feudal Age
14:45 Castle Age
12:47 Horse Collar
12:54 Double-Bit Axe
21:31 Loom
22:22 Wheelbarrow
22:55 Heavy Plow
23:23 Bow Saw
23:43 Gold Mining
24:30 Stone Mining
26:48 Hand Cart
30:19 Fletching
30:29 Padded Archer Armor
33:25 Forging
35:14 Iron Casting
34:45 Scale Barding Armor
xxxx
9:24 Feudal Age
15:02 Castle Age
14:47 Stone Mining
ojus6874
6:47 Wheelbarrow
8:49 Double-Bit Axe
11:17 Horse Collar
16:00 Feudal Age
16:04 Gold Mining
17:34 Hand Cart
18:12 Loom
20:49 Castle Age
19:43 Heavy Plow
20:16 Bow Saw
20:51 Gold Shaft Mining
21:13 Scale Barding Armor
21:02 Cavalier
21:42 Husbandry
27:38 Chain Barding Armor
30:28 Stone Mining
34:38 Imperial Age
35:16 Masonry
39:07 Two-Man Saw
39:56 Plate Barding Armor
40:09 Forging
41:35 Crop Rotation
41:04 Paladin
42:24 Iron Casting
45:20 Blast Furnace
46:15 Conscription
47:09 Scale Mail Armor
50:21 Burgundian Vineyards
52:47 Chain Mail Armor
56:39 Light Cavalry
57:57 Hussar
59:20 Architecture
59:02 Fortified Wall
59:15 Ballistics
58:51 Murder Holes
61:22 Capped Ram
64:07 Stone Shaft Mining
crazyeyee
11:23 Feudal Age
15:00 Castle Age
13:39 Double-Bit Axe
13:37 Horse Collar
16:01 Bow Saw
16:09 Heavy Plow
20:54 Wheelbarrow
21:15 Gold Mining
22:52 Gold Shaft Mining
24:05 Hand Cart
24:22 Stone Mining
24:51 Loom
28:50 Imperial Age
27:42 Stone Shaft Mining
27:34 Bloodlines
27:25 Husbandry
27:32 Scale Barding Armor
28:40 Chain Barding Armor
28:31 Forging
28:57 Town Watch
30:30 Plate Barding Armor
30:39 Crop Rotation
30:53 Iron Casting
30:36 Elite Battle Elephant
36:12 Blast Furnace
35:32 Tusk Swords
39:43 Fletching
41:18 Conscription
40:22 Elite Ballista Elephant
42:26 Light Cavalry
43:50 Bodkin Arrow
45:54 Double Crossbow
45:24 Hussar
50:29 Chemistry
49:50 Ballistics
49:37 Siege Engineers
56:59 Town Patrol
62:02 Bracer
芒果芋圆冰
11:05 Feudal Age
14:58 Castle Age
12:46 Loom
13:19 Stone Mining
13:22 Double-Bit Axe
14:48 Fletching
16:03 Bodkin Arrow
24:11 Bow Saw
30:34 Gold Mining
31:50 Ballistics
38:08 Imperial Age
36:16 Husbandry
38:49 Gold Shaft Mining
38:57 Bracer
40:00 Chemistry
42:27 Conscription
43:41 Siege Engineers
46:16 Wheelbarrow
45:10 Elite War Wagon
53:16 Hand Cart
54:59 Heavy Rocket Cart
56:35 Shinkichon
56:57 Stone Mining
mark4u.24
11:22 Feudal Age
15:21 Castle Age
13:32 Double-Bit Axe
13:47 Horse Collar
14:50 Bloodlines
15:40 Loom
16:24 Bow Saw
21:44 Gold Mining
25:06 Husbandry
25:15 Scale Barding Armor
27:18 Wheelbarrow
27:25 Heavy Plow
28:20 Hand Cart
29:00 Fortified Wall
29:46 Masonry
32:49 Imperial Age
30:43 Fletching
31:16 Ballistics
30:57 Stone Mining
31:20 Bodkin Arrow
31:28 Kasbah
32:20 Padded Archer Armor
32:28 Thumb Ring
32:27 Town Watch
33:41 Leather Archer Armor
34:33 Chemistry
34:18 Bracer
34:31 Siege Engineers
35:16 Crop Rotation
35:30 Conscription
36:28 Hoardings
35:54 Maghrebi Camels
38:36 Elite Camel Archer
39:13 Capped Ram
45:29 Light Cavalry
46:34 Hussar
48:38 Elite Genitour
50:37 Chain Barding Armor
50:48 Ring Archer Armor
53:43 Plate Barding Armor
53:19 Forging
56:48 Iron Casting
60:44 Blast Furnace
61:59 Caravan
Connection lost

Rejoining the realm…

Still unreachable

The connection could not be restored.

Session expired

The server has moved on; the page needs a fresh start.